 Dungeon Sprint DCSS version 0.18.1-6-gd335043 (webtiles) character file.

425 Hipnos the Transmogrifier (level 6, -8/53 HPs)
             Began as a Draconian Transmuter on May 20, 2016.
             Was an Initiate of Sif Muna.
             Mangled by Sonja
             ... wielding a +0 dagger of distortion
              (15 damage)
             ... in the Dungeon (Sprint I: "Red Sonja").
             The game lasted 00:03:13 (443 turns).

Hipnos the Transmogrifier (Draconian Transmuter)     Turns: 443, Time: 00:03:14

Health: -8/53      AC:  6    Str: 13    XL:     6   Next: 64%
Magic:  16/16      EV: 13    Int: 15    God:    Sif Muna [......]
Gold:   47         SH:  0    Dex: 11    Spells: 3 memorised, 13 levels left

rFire  . . .     SeeInvis .       - Unarmed
rCold  . . .     Gourm    .     (armour unavailable)
rNeg   . . .     Faith    .     (no shield)
rPois  .         Spirit   .     (helmet restricted)
rElec  .         Dismiss  .     (no cloak)
rCorr  .         Reflect  .     (no gloves)
SustAt .         Harm     .     (no boots)
MR     .....     NoTele   +     (no amulet)
Stlth  +.........               (no ring)
                                (no ring)

@: appendage (expiring), slowed, very slow, not resistant to hostile
enchantments, very unstealthy
A: unfitting armour, horns 2, cold-blooded, AC +6
a: End Transformation, Renounce Religion


You were in the Dungeon.
You worshipped Sif Muna.
Sif Muna was noncommittal.
You were not hungry.
You had grown temporary horns.
You visited 1 branch You collected 297 gold pieces.
You spent 250 gold pieces at shops.

Inventory:

Missiles
 a - 20 arrows
Jewellery
 l - an uncursed ring of protection from magic
Wands
 j - a wand of polymorph (10/24)
Scrolls
 i - a scroll of blinking
Potions
 e - a potion of heal wounds
 f - a potion of haste
 g - 2 potions of magic
 h - a potion of berserk rage
Books
 b - a book of Changes

   Spells                             Type                      Level
   a - Beastly Appendage              Transmutation                1
   b - Sticks to Snakes               Transmutation                2
   c - Spider Form                    Transmutation/Poison         3
   d - Ice Form                       Ice/Transmutation            4
   e - Blade Hands                    Transmutation                5
Comestibles
 c - a bread ration
 k - a chunk of flesh


   Skills:
 + Level 4.3 Fighting
 + Level 4.0 Dodging
 + Level 7.0 Unarmed Combat
 + Level 7.0 Spellcasting
 * Level 9.0 Transmutations
 + Level 0.6 Poison Magic


You had 13 spell levels left.
You knew the following spells:

 Your Spells              Type           Power        Failure   Level  Hunger
a - Beastly Appendage     Trmt           ####..       1%          1    None
b - Sticks to Snakes      Trmt           ####....     1%          2    None
c - Spider Form           Trmt/Pois      ###.......   6%          3    ##.....


Dungeon Overview and Level Annotations

Branches:
Dungeon (1/1)

Altars:
Elyvilon
Gozag
Kikubaaqudgha
Makhleb
Nemelex Xobeh
Okawaru
Pakellas
Qazlal
Ru
Sif Muna
Trog
Vehumet
Xom
Yredelemnul
Zin
The Shining One

Shops:
D =

Annotations:
D Sonja


Innate Abilities, Weirdness & Mutations

Your plain brown scales are hard (AC +6).
Your body does not fit into most forms of armour.
You are cold-blooded and may be slowed by cold attacks.
You have a pair of horns on your head.


Message History

Space warps horribly around you!
* * * LOW HITPOINT WARNING * * *
Sonja hits you but does no damage. x2; Sonja barely misses you.
Sonja hits you but does no damage. Space bends around you.
* * * LOW HITPOINT WARNING * * *
Sonja hits you but does no damage.
You feel a strange sense of stasis.
Drink which item? (? for menu, Esc to quit)
You feel better.
Your transformation is almost over.
Sonja hits you with an uncursed dagger of distortion.
* * * LOW HITPOINT WARNING * * *
Space bends around you.
* * * LOW HITPOINT WARNING * * *
Sonja hits you with an uncursed dagger of distortion.
* * * LOW HITPOINT WARNING * * *
You feel a strange sense of stasis. Sonja completely misses you.
Sonja hits you with an uncursed dagger of distortion.
* * * LOW HITPOINT WARNING * * *
Space warps horribly around you!
You die...

#..#####'#####'#
#..####..#...#.#
#..#__####..##)#
#..#_.___##'#..+
#⌠⌠#_.∩...÷.§._#
####_..._##_.#+#
#_____###'#
#########.##


+$@$+ #K.$# ##.## #+# You could see Sonja.

Vanquished Creatures
  Sigmund (D)
  A yak (D)
  An ogre (D)
  A jelly (D)
  Ijyb (D)
5 creatures vanquished.

Notes
Turn   | Place    | Note
--------------------------------------------------------------
     0 | D        | Hipnos the Draconian Transmuter began the quest for the Orb.
     0 | D        | Reached XP level 1. HP: 16/16 MP: 3/3
     3 | D        | Noticed Ijyb
    13 | D        | Killed Ijyb
    13 | D        | Reached skill level 4 in Transmutations
    13 | D        | Reached XP level 2. HP: 24/24 MP: 1/6
    29 | D        | Learned a level 2 spell: Sticks to Snakes
    55 | D        | Noticed an ogre
    64 | D        | Killed an ogre
    64 | D        | Reached skill level 5 in Spellcasting
    64 | D        | Reached skill level 6 in Transmutations
    64 | D        | Reached XP level 3. HP: 3/31 MP: 2/9
    64 | D        | Reached XP level 4. HP: 4/38 MP: 2/11
   143 | D        | Learned a level 3 spell: Spider Form
   350 | D        | Noticed Sigmund
   360 | D        | Killed Sigmund
   360 | D        | Reached skill level 5 in Unarmed Combat
   360 | D        | Reached skill level 8 in Transmutations
   360 | D        | Reached XP level 5. HP: 46/46 MP: 9/13
   373 | D        | Found a deep blue altar of Sif Muna.
   375 | D        | Found a radiant altar of Vehumet.
   378 | D        | Reached XP level 6. HP: 48/52 MP: 9/15
   382 | D        | Became a worshipper of Sif Muna the Loreminder
   386 | D        | Found Wiwauq's Jewellery Emporium.
   386 | D        | Found a white marble altar of Elyvilon.
   386 | D        | Found a stormy altar of Qazlal.
   386 | D        | Found a burning altar of Makhleb.
   386 | D        | Found a sacrificial altar of Ru.
   386 | D        | Found an oddly glowing altar of Pakellas.
   386 | D        | Found a basalt altar of Yredelemnul.
   386 | D        | Found a glowing golden altar of the Shining One.
   386 | D        | Found a sparkling altar of Nemelex Xobeh.
   386 | D        | Found a shimmering altar of Xom.
   386 | D        | Found an opulent altar of Gozag.
   386 | D        | Found an ancient bone altar of Kikubaaqudgha.
   386 | D        | Found a glowing silver altar of Zin.
   386 | D        | Noticed a yak
   395 | D        | Killed a yak
   395 | D        | Reached skill level 9 in Transmutations
   396 | D        | Found an iron altar of Okawaru.
   426 | D        | Found a bloodstained altar of Trog.
   430 | D        | Bought an uncursed ring of protection from magic for 250 gold pieces
   435 | D        | Noticed Sonja
   443 | D        | Mangled by Sonja

Skill      XL: |  1  2  3  4  5  6 |
---------------+-------------------+-----
Fighting       | 2 3 4 |  4.3
Spellcasting   | 3 5 6 7 |  7.0
Transmutations | 4 6 8 9 |  9.0
Dodging        | 3 4 |  4.0
Unarmed Combat | 5 7 |  7.0
Poison Magic   | |  0.6

Action                   |  1- 3 |  4- 6 || total
-------------------------+-------+-------++-------
Melee: Unarmed           |    10 |    20 ||    30
       Headbutt          |     1 |       ||     1
       Tailslap          |     1 |       ||     1
 Cast: Beastly Appendage |     2 |     1 ||     3
       Sticks to Snakes  |     2 |       ||     2
       Spider Form       |       |     2 ||     2
  Use: Potion            |       |     1 ||     1
 Stab: Sleeping          |       |     1 ||     1
Armor: Skin              |       |     4 ||     4
Dodge: Dodged            |     5 |    14 ||    19
